Map: Berlingrad LE

Players

Kozan

  • Race: Terran Terran
  • League: Grandmaster

PattyMac - Winner!

  • Race: Protoss Protoss
  • League: Grandmaster

VOD

Have the link to the VOD?

Description

Time

  • Played on: March 28, 2022, 9:27 p.m.
  • Length: 9:13
Show
View Real Time Build Order
Export as new Build Order

Kozan Terran 

Build Orders: Reaper Expand 

Get SALT Encoding   

  12  0:00  SCV  
  13  0:13  SCV  
  14  0:17  Supply Depot  
  14  0:25  SCV  
  15  0:39  SCV  
  15  0:41  Barracks  
  16  0:46  Refinery  
  16  0:51  SCV  
  17  1:03  SCV  
  18  1:15  SCV  
  19  1:29  Orbital Command, Reaper  
  20  1:43  Command Center  
  20  1:55  SCV  
  20  1:58  Supply Depot  
  21  2:02  Marine  
  21  2:07  SCV  
  23  2:12  Factory  
  23  2:20  SCV  
  24  2:25  Barracks Reactor, Refinery  
  24  2:27  Bunker  
  24  2:32  SCV  
  25  2:44  SCV  
  25  2:55  Factory Tech Lab  
  25  2:56  SCV  
  26  3:01  Barracks  
  26  3:02  Marine x2  
  28  3:06  Orbital Command  
  28  3:08  SCV  
  29  3:20  Marine x2  
  30  3:30  SCV, Cyclone  
  30  3:32  SCV  
  35  3:38  Supply Depot, Marine x2  
  36  3:49  SCV x2  
  36  3:55  Barracks, Marine x2  
  39  3:57  Marine  
  39  4:08  SCV x2  
  41  4:13  Supply Depot  
  41  4:15  Marine  
  41  4:16  Marine  
  43  4:18  Factory Reactor  
  43  4:20  SCV x2  
  45  4:24  Stimpack, Marine  
  45  4:28  Engineering Bay  
  46  4:34  SCV, Starport  
  46  4:35  SCV  
  48  4:45  Marine  
  48  4:46  SCV, Refinery, Marine x2  
  48  4:47  SCV  
  53  4:55  Barracks Tech Lab  
  53  4:58  Terran Infantry Weapons Level 1  
  53  4:59  SCV x2  
  55  5:03  Marine  
  55  5:04  Marine x2  
  58  5:07  Factory Reactor  
  58  5:11  SCV x2  
  60  5:14  Combat Shield, Marauder  
  60  5:17  Supply Depot  
  62  5:24  Supply Depot  
  62  5:39  SCV x2, Marauder, Medivac x2  
  62  5:41  Supply Depot  
  70  5:45  Marine x2  
  70  5:46  Marauder, Widow Mine  
  70  5:48  Supply Depot  
  76  5:53  Widow Mine  
  78  5:58  Refinery  
  78  6:03  SCV x2, Supply Depot  
  80  6:09  Marauder x2, Marine x2  
  80  6:10  Medivac, Supply Depot  
  88  6:12  Medivac  
  90  6:23  Widow Mine x2  
  94  6:30  Command Center  
  94  6:33  Marine  
  94  6:34  Marauder  
  94  6:35  Concussive Shells  
  97  6:41  SCV, Supply Depot  
  97  6:43  Marine  
  93  6:55  Marauder x2, Marine  
  98  7:05  Widow Mine  
  98  7:06  Medivac x2  
  104  7:12  Barracks  
  104  7:16  Terran Infantry Armor Level 1, Marauder, Supply Depot  
  104  7:17  Barracks  
  104  7:18  SCV  
  104  7:21  SCV  
  108  7:28  Marine  
  108  7:29  Marauder  
  105  7:38  Marine  
  105  7:39  Marauder  
  105  7:41  Widow Mine, Medivac  
  105  7:42  Widow Mine  
  100  7:46  Marine  
  100  7:47  SCV x2  
  100  7:50  Marauder  
  105  7:55  Ghost Academy, Supply Depot  
  105  7:56  Marine  
  105  7:58  Medivac  
  106  7:59  SCV  
  106  8:00  SCV  
  106  8:03  Barracks Tech Lab  
  108  8:06  Barracks Reactor  
  108  8:07  Orbital Command  
  108  8:19  Marine x2  
  91  8:20  Marauder  
  91  8:25  Marine x2  
  91  8:26  Widow Mine  
  94  8:28  SCV x2  
  94  8:34  Medivac x2  
  91  8:37  Marine  
  91  8:40  Marine  
  86  8:41  Marauder  
  86  8:43  Marauder x2  
  86  8:47  SCV x2  
  86  8:48  Marine x2  
  95  8:55  Marine  
Show
View Real Time Build Order
Export as new Build Order

PattyMac Protoss - Winner!

Build Orders: 1 Gate Expand, Oracle Opening 

Get SALT Encoding   

  12  0:00  Probe  
  13  0:12  Probe  
  14  0:17  Pylon  
  14  0:24  Probe (Chrono Boost)  
  16  0:36  Probe (Chrono Boost), Gateway  
  16  0:43  Probe (Chrono Boost)  
  16  0:45  Assimilator  
  17  0:51  Probe  
  18  1:03  Probe  
  19  1:15  Probe  
  20  1:23  Cybernetics Core  
  20  1:35  Nexus  
  20  1:37  Probe  
  21  1:46  Pylon  
  21  1:50  Probe  
  21  1:53  Assimilator  
  22  2:01  Adept (Chrono Boost)  
  22  2:02  Probe  
  25  2:14  Probe  
  26  2:18  Stargate  
  26  2:21  Adept (Chrono Boost)  
  26  2:28  Pylon  
  28  2:33  Warp Gate  
  28  2:39  Probe  
  29  2:47  Probe  
  30  2:51  Probe  
  31  2:59  Oracle (Chrono Boost), Probe  
  31  3:03  Probe  
  36  3:11  Probe  
  37  3:15  Probe, Gateway  
  38  3:23  Probe  
  38  3:24  Twilight Council  
  39  3:27  Probe  
  39  3:32  Gateway  
  40  3:35  Probe  
  40  3:39  Probe  
  40  3:40  Stalker  
  44  3:47  Probe  
  43  3:51  Pylon  
  43  3:52  Probe  
  44  4:02  Blink (Chrono Boost)  
  44  4:04  Probe  
  44  4:05  Probe  
  46  4:13  Nexus  
  46  4:17  Probe  
  47  4:18  Probe  
  47  4:23  Stalker, Assimilator  
  50  4:25  Stalker  
  50  4:29  Probe  
  50  4:31  Stalker  
  55  4:37  Probe  
  56  4:41  Pylon  
  56  4:46  Stalker  
  56  4:48  Stalker  
  56  4:51  Probe  
  61  4:55  Forge  
  61  4:58  Probe  
  62  5:00  Pylon  
  62  5:03  Probe  
  62  5:06  Gateway  
  63  5:07  Gateway  
  63  5:10  Probe  
  64  5:15  Stalker  
  64  5:18  Protoss Ground Weapons Level 1 (Chrono Boost)  
  66  5:21  Probe  
  66  5:22  Stalker x2  
  71  5:29  Probe x2  
  71  5:32  Shield Battery  
  73  5:36  Charge (Chrono Boost)  
  73  5:38  Probe  
  74  5:47  Probe  
  75  5:53  Stalker x3  
  75  5:56  Probe x2  
  83  6:07  Gateway x2  
  83  6:10  Pylon, Gateway  
  83  6:12  Probe x2  
  83  6:13  Probe  
  83  6:16  Dark Shrine  
  86  6:19  Pylon  
  86  6:28  Stalker x4  
  86  6:31  Pylon  
  93  6:48  Zealot  
  93  6:52  Zealot x3  
  101  6:59  Pylon  
  101  7:05  Zealot x4  
  109  7:10  Pylon  
  109  7:12  Pylon  
  109  7:16  Assimilator  
  109  7:17  Probe x2  
  109  7:19  Assimilator  
  111  7:28  Pylon, Probe  
  111  7:29  Pylon  
  112  7:30  Pylon  
  110  7:39  Zealot x2  
  110  7:40  Zealot x4  
  122  7:46  Probe x2  
  124  7:56  Pylon  
  124  7:57  Robotics Facility  
  122  7:59  Zealot x2, Probe x2  
  122  8:00  Zealot x6  
  122  8:04  Probe  
  141  8:11  Probe  
  140  8:17  Pylon  
  116  8:21  Zealot  
  116  8:22  Zealot x6  
  120  8:33  Nexus  
  114  8:44  Dark Templar  
  114  8:45  Dark Templar x2, Gateway  
  120  8:51  Observer (Chrono Boost)  
  121  8:55  Robotics Bay  
  121  9:00  Pylon, Probe  
  121  9:01  Pylon  
Tags
 
Add a new tag
Caveats
  • Supply blocks, unpowered buildings, or Contaminate may cause inaccurate times.
  • Supply counts are checked every 10 seconds.